 Dungeon Crawl Stone Soup version 0.32-a0-791-gfc315c9ecd (webtiles) character file.

Game seed: 13746453245042182631

25130 warriortoast the Fighter (level 13, -12/93 HPs)
             Began as an Octopode Shapeshifter on Mar 20, 2024.
             Was an Elder of Wu Jian.
             Mangled by a centaur warrior (13 damage)
             ... on level 14 of the Dungeon.
             The game lasted 01:28:06 (21670 turns).

warriortoast the Fighter (Octopode Shapeshifter)   Turns: 21670, Time: 01:28:07

Health: -12/93     AC:  1    Str: 15    XL:     13   Next: 17%
Magic:  13/13      EV: 21    Int: 15    God:    Wu Jian [****..]
Gold:   485        SH:  0    Dex: 12    Spells: 12/12 levels left

rFire   . .          .
                       - Unarmed
rCold   . . .        (no shield)
rNeg    . . .        (helmet currently unavailable)
rPois   .            k - amulet of the acrobat
rElec   .            Q - +4 ring of slaying
rCorr   .            g - +5 ring of evasion
SInv    .            (no ring)
Will    .....        (no ring)
Stlth   +++++        (no ring)
HPRegen 0.35/turn    (no ring)
MPRegen 0.13/turn    (no ring)
                     (no ring)

%: acrobat
@: mighty, beast-form
A: beast (slay +4), almost no armour, amphibious, 8 rings, camouflage 1,
gelatinous body 1, (nimble swimmer 1), tentacles
a: Begin Untransformation, Renounce Religion, Wall Jump, Serpent's Lash


You were on level 14 of the Dungeon.
You worshipped Wu Jian.
Wu Jian was greatly pleased with you.
You were a hulking beast.
You visited 2 branches of the dungeon, and saw 15 of its levels.
You also visited: Ossuary.

You collected 965 gold pieces.
You spent 480 gold pieces at shops.

Inventory:

Missiles
 J - 16 poisoned darts (quivered)
Jewellery
 f - an amulet of guardian spirit
 g - a +5 ring of evasion (right tentacle)
 i - an amulet of regeneration
 k - an amulet of the acrobat (around mantle)
 o - an amulet of reflection
 Q - a +4 ring of slaying (left tentacle)
Talismans
 b - a beast talisman (active)
 c - a flux talisman
 m - a dragon-blood talisman
 s - a serpent talisman
 K - a maw talisman
 L - a blade talisman
Wands
 a - a wand of flame (19)
 r - a wand of roots (7)
 x - a wand of paralysis (9)
 y - a wand of digging (1)
 A - a wand of polymorph (13)
Scrolls
 n - 6 scrolls of identify
 q - a scroll of revelation
 u - a scroll of enchant armour
 v - 2 scrolls of fog
 C - 2 scrolls of enchant weapon
 D - a scroll of silence
 G - 2 scrolls of amnesia
 O - a scroll of brand weapon
 P - 2 scrolls of teleportation
 S - a scroll of fear
Potions
 d - 4 potions of curing
 e - 2 potions of might
 h - a potion of magic
 p - 2 potions of brilliance
 t - 2 potions of cancellation
 z - a potion of haste
 F - 2 potions of enlightenment
Miscellaneous
 R - a tin of tremorstones (inert)


   Skills:
 + Level 10.4 Fighting
 - Level 5.0 Throwing
 - Level 10.0 Dodging
 - Level 8.0 Stealth
 + Level 10.4 Unarmed Combat
 - Level 5.0 Evocations
 + Level 10.3 Shapeshifting


You had 12 spell levels left.
You didn't know any spells.
Your spell library contained the following spells:

 Spells                   Type           Power      Damage    Failure   Level
 Sandblast                Erth           0%         2d4       26%         1
 Slow                     Hex            0%         N/A       26%         1
 Confusing Touch          Hex            0%         N/A       63%         3
 Stone Arrow              Conj/Erth      0%         3d7       63%         3
 Vampiric Draining        Necr           0%         2d6       63%         3
 Animate Dead             Necr           0%         N/A       95%         4
 Brom's Barrelling Bould  Conj/Erth      0%         2d3       95%         4
 Ignite Poison            Fire/Alch      0%         N/A       95%         4
 Sticky Flame             Fire/Alch      0%         2d4       95%         4
 Alistair's Intoxication  Alch           0%         N/A       100%        5
 Borgnjor's Vile Clutch   Necr/Erth      0%         N/A       100%        5
 Eringya's Noxious Bog    Alch           0%         4d6       100%        6
 Haunt                    Necr/Summ      0%         N/A       100%        7
 Ignition                 Fire           0%         3d3       100%        8
 Infestation              Necr           0%         N/A       100%        8


Dungeon Overview and Level Annotations

Branches:
Dungeon (14/15)            Temple (0/1) D:6            Lair (0/5) D:11
    Orc (1/2) D:11         Vaults (0/5) D:14        Ossuary (visited)

Altars:
Ashenzari
Dithmenos
Fedhas
Gozag
Hepliaklqana
Qazlal
Ru
Uskayaw
Vehumet
Wu Jian
Yredelemnul
Zin

Shops:
D:4 ?   D:8 *   D:13 *

Annotations:
D:1 2 transporters
D:2 Sigmund
D:8 2 transporters, warriortoast's ghost, novice GrEE
D:10 exclusion: 3 doors
D:13 exclusion: hydra


Innate Abilities, Weirdness & Mutations

You are a hulking beast.
Your limbs bulge with bestial killing power. (Slay +4)
You cannot wear most types of armour.
You are amphibious.
You can wear up to eight rings at the same time.
Your skin changes colour to match your surroundings (Stealth+).
Your rubbery body absorbs attacks. (AC +1, EV +1)
((You are camouflaged when in or above water. (Stealth+)))
You have tentacles for arms and can constrict up to eight enemies at once.


Message History

The centaur warrior misses you.
Things that are here:
a +0 giant club; a +0 dire flail; a two-headed ogre corpse You tentacle-slap the centaur.
The centaur is moderately wounded.
The centaur hits you.
* * * LOW HITPOINT WARNING * * *
The centaur misses you. The centaur warrior hits you!
* * * LOW HITPOINT WARNING * * *
The centaur warrior kicks you.
* * * LOW HITPOINT WARNING * * *
The centaur closely misses you. The centaur misses you.
The tin of tremorstones is presently inert.
Unknown command.
You feel much better. The centaur warrior hits you.
* * * LOW HITPOINT WARNING * * *
The centaur warrior kicks you.
* * * LOW HITPOINT WARNING * * *
The centaur hits you.
* * * LOW HITPOINT WARNING * * *
The centaur misses you. The centaur warrior closely misses you.
The centaur warrior kicks you.
* * * LOW HITPOINT WARNING * * *
You feel very mighty all of a sudden. The centaur barely misses you.
The centaur kicks you.
* * * LOW HITPOINT WARNING * * *
The centaur warrior closely misses you. The centaur warrior misses you.
The centaur hits you.
* * * LOW HITPOINT WARNING * * *
The centaur completely misses you.
You barely miss the centaur warrior.
The centaur warrior is heavily wounded.
The centaur warrior hits you!
* * * LOW HITPOINT WARNING * * *
The centaur warrior kicks you.
* * * LOW HITPOINT WARNING * * *
The centaur hits you.
* * * LOW HITPOINT WARNING * * *
The centaur completely misses you. The centaur warrior hits you!
You die...

##......# ##.#
##.....#########..#
#...............##
##..............#
#.......#####..##
#.....### #####
#......^####.####
##............c.#####
#..)..[....(.h..##.#
##############c...##
##...# ##..# ####
##..#* ###..##
##..#.# ......#
###c.#### ###...##
#####...##
#.)..####.....###


You could see a centaur warrior and a centaur.

Vanquished Creatures
  Jorgrun (Orc:1)
  A hydra (D:13)
  2 catoblepae (D:13)
  3 boulder beetles
  A tengu warrior (D:14)
  Urug (D:14)
  3 two-headed ogres
  An orc sorcerer (Orc:1)
  2 ugly things
  2 manticores
  4 cyclopes
  3 meliai (D:13)
  A komodo dragon (D:11)
  A freezing wraith (D:13)
  A polar bear (shapeshifter) (D:14)
  2 trolls (D:12)
  7 slime creatures (D:13)
  2 wyverns
  A wraith (D:11)
  A vampire (D:10)
  18 yaks
  2 shadows
  8 humans (D:14)
  A steam dragon (D:8)
  Grum (D:8)
  2 vampire mosquitoes (D:11)
  Menkaure (D:5)
  3 acid dragons
  A water moccasin (D:5)
  6 orc warriors
  3 ice beasts (D:5)
  3 black bears
  A tengu (shapeshifter) (D:13)
  2 laughing skulls (D:13)
  An ogre (D:5)
  3 wolves (D:8)
  10 centaurs
  5 kobold brigands
  3 bullfrogs
  A gnoll sergeant (D:9)
  2 scorpions
  19 killer bees
  A centaur zombie (Ossuary)
  6 orc priests
  2 hounds
  A jelly (D:5)
  A sleepcap (D:6)
  4 iguanas
  Jessica (D:2)
  10 orc wizards
  A hell rat (D:11)
  3 crocodile zombies (Ossuary)
  3 mummies (Ossuary)
  9 gnolls
  13 adders
  A river rat (D:11)
  3 shadow imps
  A white imp (D:6)
  2 ufetubi (D:7)
  4 ribbon worms
  3 dart slugs
  41 orcs
  6 ball pythons
  7 endoplasms
  3 giant cockroaches
  6 goblins
  4 hobgoblins
  4 jackals (D:1)
  A quokka (D:4)
  6 bats
  A frilled lizard (D:3)
  5 gnoll zombies (Ossuary)
  28 kobolds
  A kobold zombie (Ossuary)
  A rat (D:3)
319 creatures vanquished.

Vanquished Creatures (others)
  2 centaurs (D:14)
  A bullfrog (D:8)
3 creatures vanquished.

Grand Total: 322 creatures vanquished

Notes
Turn   | Place    | Note
-------+----------+-------------------------------------------
     0 | D:1      | warriortoast the Octopode Shapeshifter began the quest for
                  | the Orb.
     0 | D:1      | Reached XP level 1. HP: 13/13 MP: 1/1
    60 | D:1      | Reached skill level 1 in Stealth
    60 | D:1      | Reached XP level 2. HP: 9/18 MP: 2/2
   259 | D:1      | Reached XP level 3. HP: 24/24 MP: 3/3
   978 | D:2      | Noticed Sigmund
  1151 | D:2      | Reached XP level 4. HP: 23/30 MP: 4/4
  1592 | D:2      | Noticed Jessica
  1600 | D:2      | Killed Jessica
  1863 | D:3      | Found an ornate altar of the Wu Jian Council.
  1880 | D:3      | Became a worshipper of the Wu Jian Council
  1947 | D:3      | Reached XP level 5. HP: 31/35 MP: 5/5
  2732 | D:4      | Reached XP level 6. HP: 42/42 MP: 6/6
  2747 | D:4      | Found a sand-covered staircase.
  2754 | Ossuary  | Entered an ossuary
  3348 | Ossuary  | Reached skill level 5 in Stealth
  3704 | D:4      | Found Larimiosch's Magic Scroll Emporium.
  3712 | D:4      | Bought a scroll of fear for 56 gold pieces
  3712 | D:4      | Bought a scroll of vulnerability for 56 gold pieces
  3712 | D:4      | Bought a scroll of fog for 56 gold pieces
  3712 | D:4      | Bought a scroll of identify for 28 gold pieces
  3740 | D:4      | Reached * piety under Wu Jian
  3827 | D:4      | Reached XP level 7. HP: 41/48 MP: 7/7
  4286 | D:5      | Entered Level 5 of the Dungeon
  4301 | D:5      | Found a basalt altar of Yredelemnul.
  4353 | D:5      | Found a stormy altar of Qazlal.
  4803 | D:5      | Reached skill level 5 in Shapeshifting
  5070 | D:5      | Reached XP level 8. HP: 52/54 MP: 8/8
  5469 | D:5      | Noticed Menkaure
  5727 | D:5      | Killed Menkaure
  5728 | D:5      | Reached skill level 5 in Fighting
  6071 | D:5      | Found a radiant altar of Vehumet.
  6071 | D:5      | Found a broken altar of Ashenzari.
  6108 | D:5      | Found a glowing silver altar of Zin.
  6134 | D:5      | Found an opulent altar of Gozag.
  6603 | D:6      | Found a staircase to the Ecumenical Temple.
  6766 | D:6      | Reached ** piety under Wu Jian
  6767 | D:6      | Reached skill level 5 in Unarmed Combat
  6842 | D:6      | Reached XP level 9. HP: 52/61 MP: 9/9
  7159 | D:6      | Found a blossoming altar of Fedhas.
  7174 | D:6      | Found a shadowy altar of Dithmenos.
  8162 | D:7      | Noticed a two-headed ogre
  8335 | D:7      | Killed a two-headed ogre
  8336 | D:7      | Reached skill level 5 in Dodging
  8403 | D:8      | Noticed Grum
  8407 | D:8      | Killed Grum
  8666 | D:8      | Reached XP level 10. HP: 32/69 MP: 10/10
  8788 | D:8      | Found a hazy altar of Hepliaklqana.
  8904 | D:8      | Reached *** piety under Wu Jian
  9061 | D:8      | Found a transporter.
  9063 | D:8      | Found Wuferale's Assorted Antiques.
  9276 | D:8      | Noticed warriortoast's ghost (novice GrEE)
  9281 | D:8      | Found a transporter.
  9348 | D:8      | Found a transporter.
  9356 | D:8      | Noticed a five-headed hydra
  9425 | D:8      | Found a transporter.
  9700 | D:9      | Reached skill level 1 in Throwing
 10070 | D:9      | Found a hide-covered altar of Uskayaw.
 11137 | D:10     | Entered Level 10 of the Dungeon
 11457 | D:8      | Bought a scroll of teleportation for 54 gold pieces
 11457 | D:8      | Bought a scratched granite ring for 90 gold pieces
 11529 | D:4      | Bought a scroll of fog for 56 gold pieces
 11529 | D:4      | Bought a scroll of teleportation for 42 gold pieces
 11529 | D:4      | Bought a scroll of teleportation for 42 gold pieces
 12921 | D:10     | Reached XP level 11. HP: 47/77 MP: 11/11
 13107 | D:10     | Found a sacrificial altar of Ru.
 13117 | D:10     | Reached **** piety under Wu Jian
 13355 | D:11     | Reached skill level 1 in Evocations
 14742 | D:11     | Noticed a cyclops
 14806 | D:11     | Killed a cyclops
 14948 | D:11     | Found a staircase to the Orcish Mines.
 14955 | D:11     | Noticed a boulder beetle
 14980 | D:11     | Reached skill level 5 in Throwing
 15115 | D:11     | Found a staircase to the Lair.
 15139 | D:11     | Killed a boulder beetle
 15201 | D:11     | Paralysed by a centaur for 2 turns
 15988 | D:12     | Noticed a manticore
 16024 | D:12     | Killed a manticore
 16190 | D:12     | Noticed a boulder beetle
 16204 | D:12     | Killed a boulder beetle
 16321 | D:12     | Noticed an ogre mage
 16322 | D:12     | Noticed a boulder beetle
 16322 | D:12     | You fall into a shaft and drop 2 floors!
 16536 | D:14     | Found a gate to the Vaults.
 16536 | D:14     | Noticed a centaur warrior
 16560 | D:14     | Noticed a centaur warrior
 16563 | D:14     | Noticed Urug
 16563 | D:14     | Noticed a boulder beetle
 16565 | D:14     | Noticed a tengu warrior
 16589 | D:14     | Noticed a cyclops
 16593 | D:14     | Killed a cyclops
 16910 | D:13     | Noticed a manticore
 16910 | D:13     | Found Axethr Qayzukh's General Store.
 16918 | D:13     | Killed a manticore
 17146 | D:12     | Reached XP level 12. HP: 84/85 MP: 12/12
 17903 | D:12     | Noticed a boulder beetle
 17905 | D:12     | Reached ***** piety under Wu Jian
 17926 | D:12     | Killed a boulder beetle
 18468 | D:13     | Reached skill level 5 in Evocations
 19239 | Orc:1    | Entered Level 1 of the Orcish Mines
 19239 | Orc:1    | Noticed Jorgrun
 19260 | Orc:1    | Killed Jorgrun
 19795 | D:13     | Identified the +1 robe "Piewab" {+Blink rN+ MP+9}
 19927 | D:13     | Noticed a catoblepas
 19943 | D:13     | Killed a catoblepas
 20227 | D:13     | Noticed a six-headed hydra
 20350 | D:13     | Reached skill level 10 in Fighting
 20352 | D:13     | Reached skill level 10 in Unarmed Combat
 20399 | D:13     | Reached skill level 10 in Dodging
 20491 | D:13     | Noticed a catoblepas
 20509 | D:13     | Killed a catoblepas
 20708 | D:13     | Noticed an eight-headed hydra
 20714 | D:13     | HP: 4/87 [eight-headed hydra (10)]
 20749 | D:13     | Killed an eight-headed hydra
 21168 | D:14     | Killed a tengu warrior
 21169 | D:14     | Reached skill level 10 in Shapeshifting
 21169 | D:14     | Reached XP level 13. HP: 64/92 MP: 13/13
 21482 | D:14     | Killed Urug
 21667 | D:14     | HP: 4/93 [centaur warrior (4)]
 21670 | D:14     | HP: 1/93 [centaur[a centaur warrior] (3)]
 21670 | D:14     | Mangled by a centaur warrior

Illustrated notes

Levels and vault maps discovered:
D:1:      spicycebolla_arrival_transporter_tutorial, layout_basic,
          supply_closet_lemuel, grunt_decor_cap, minmay_misc_feat_four_crosses,
          minmay_misc_feat_cross, grunt_decor_mini_mirrors, minmay_fountain_box,
          grunt_decor_one_mirror, reono_crystal_passage
D:2:      layout_basic, minmay_misc_feat_five, uniq_jessica, uniq_sigmund
D:3:      layout_loops_ring, mainiacjoe_overflow_brackets, serial_aquarium,
          aquarium_bridge_island_small [aquarium_subvault_small_water,
          aquarium_subvault_wall, aquarium_subvault_bridge,
          aquarium_subvault_bridge, aquarium_subvault_balcony],
          aquarium_bridge_square [aquarium_subvault_bridge,
          aquarium_subvault_bridge, aquarium_subvault_wall,
          aquarium_subvault_balcony], aquarium_window_corner,
          aquarium_window_fake, aquarium_window_1, aquarium_window_1,
          aquarium_view_2c, aquarium_pool_five, eino_tiny_chamber
D:4:      layout_basic, serial_shops, nicolae_lakefront_shop,
          nicolae_ossuary_entry_monument
D:5:      layout_cave_pools, pdpol_temple_overflow_zin_treasury_gozag_greed,
          nicolae_overflow_crystal_walls, gammafunk_temple_overflow_statue,
          mainiacjoe_overflow_24_doors, water_maze_lemuel, uniq_menkaure
D:6:      layout_loops_ring, mainiacjoe_overflow_swirl,
          minmay_temple_entry_water_ring
D:7:      layout_basic
D:8:      layout_loops_ring, lemuel_doored_altar, nzn_ghost_randoct,
          serial_shops, nicolae_shop_drivethru, uniq_grum
D:9:      layout_small_grid, nicolae_uskayaw_dance_studio
D:10:     layout_roguey, mainiacjoe_overflow_alcove_2
D:11:     layout_basic, dpeg_lair_monsters
D:12:     layout_stronghold, lightli_corner_chamber
D:13:     minmay_wavy_crystal, layout_basic, serial_shops, nicolae_stop_n_shop_1
D:14:     layout_layer_cave, david_vaults_3, chequers_serial_rivers_small_b,
          hangedman_decor_clover_reticule
Orc:1:    layout_caves, ebering_ghost_xom, uniq_jorgrun

Skill      XL: |  1  2  3  4  5  6  7  8  9 10 11 12 |
---------------+-------------------------------------+-----
Stealth        | 1 2 3 4 5 6 7 8 |  8.0
Fighting       | 2 3 4 5 6 8 9 10 | 10.4
Shapeshifting  | 4 5 6 7 10 | 10.3
Dodging        | 3 4 6 7 8 10 | 10.0
Unarmed Combat | 4 5 6 8 9 10 | 10.4
Throwing       | 4 5 |  5.0
Evocations     | 4 5 |  5.0

Action                     |  1- 3 |  4- 6 |  7- 9 | 10-12 | 13-15 || total
---------------------------+-------+-------+-------+-------+-------++-------
  Melee: Unarmed           |    51 |   114 |   210 |   438 |    27 ||   840
         Constrict         |    18 |    31 |    48 |    51 |     4 ||   152
         Tentacles         |    10 |    27 |    56 |   112 |     8 ||   213
         Punch             |     2 |     2 |     8 |    35 |     1 ||    48
  Throw: Dart              |       |       |       |   232 |    29 ||   261
 Invoke: Serpent's Lash    |       |       |       |     2 |     1 ||     3
Ability: Lunge             |       |    29 |    27 |    24 |     1 ||    81
         Whirlwind         |       |       |    35 |    44 |     1 ||    80
         Wall Jump         |       |       |     3 |    48 |     3 ||    54
  Evoke: Wand              |       |     1 |     6 |    21 |     2 ||    30
         Tin of tremorston |       |       |       |     4 |       ||     4
    Use: Scroll            |       |    10 |       |    21 |       ||    31
         Potion            |       |     1 |     5 |     5 |     2 ||    13
   Stab: Sleeping          |    10 |    13 |    10 |    10 |       ||    43
         Distracted        |       |     3 |       |       |       ||     3
         Invisible         |       |       |     3 |     3 |     1 ||     7
 Armour: Skin              |    21 |    49 |    90 |   256 |    27 ||   443
  Dodge: Dodged            |    36 |    42 |   137 |   315 |    52 ||   582

Table legend: (Time is in decaauts)
 A = Elapsed time spent in this place.
 B = Non-inter-level travel time spent in this place.
 C = Inter-level travel time spent in this place.
 D = Time resting spent in this place.
 E = Time spent auto-exploring this place.
 F = Levels seen in this place.
 G = Mean time per level.
                   A        B        C        D        E       F      G
               +--------+--------+--------+--------+--------+-----+--------+
         Total |  21650 |  20661 |    989 |   7865 |   8693 |  16 | 1353.1 |
       Dungeon |  20882 |  19893 |    989 |   7408 |   8670 |  14 | 1491.6 |
  Orcish Mines |     32 |     32 |      0 |      0 |      0 |   1 |   32.0 |
       Ossuary |    735 |    735 |      0 |    457 |     23 |   1 |  735.0 |
               +--------+--------+--------+--------+--------+-----+--------+

Top non-repeatable levels by time:
    D:10: 2307 daAuts
    D:12: 2077 daAuts
    D:11: 2075 daAuts
    D:13: 1973 daAuts
     D:9: 1880 daAuts
     D:5: 1709 daAuts
     D:8: 1620 daAuts
     D:4: 1405 daAuts
    D:14: 1197 daAuts
     D:6: 1187 daAuts
     D:1: 981 daAuts
     D:3: 889 daAuts
     D:7: 790 daAuts
     D:2: 785 daAuts
 Ossuary: 735 daAuts
